Unix NetHack Version 5.0.0-0 post-release - last build Jun 10 2026 00:39:30 (3ee93aec679c4c4259841fe613dc97188e26a321,branch:main).

Game began 2026-06-17 21:23:29, ended 2026-06-18 15:15:35.

Fletchius, lawful female dwarven Archeologist

                                                        ---------------
                         #####################          |.{...........|
                         #          --.----- ########   |.............|
  ---------              #          |......|        ####..............|
  |!!...m!|              #          |..%+..|            |(............|
  |!.!.!@]|              #          |......|            |.............|
  |..!f.!@|              #          |......|            ------.-.----+-
  -------|-              #          |......|                   #####
         #               #          --------                       ##
       ###      ---------)----                                     #
       #        |............|                                     ##
      ##        |............|                            ###########
   ---|--       |............|        ---.---###############        ##
   |....|#     #..............###     |......#      --.----#         ####
   |.....#######|............|  ######......|##     |..>..|    ---------.-----
   |..<.|       --------------        |.....|       |..*..|    |.............|
   ------                             -------       |.....|    ..............|
                                                    +.....|    |...>.........|
                                                    -------    ---------------

Fletchius the Field Worker  St:10 Dx:10 Co:15 In:13 Wi:16 Ch:12  Lawful
Dlvl:4  $:0  HP:0(32) Pw:15(15) AC:6  Xp:3 T:1641 

Latest messages:
 You feel here a potion (for sale, 100 zorkmids).
 You try to feel what is lying here on the floor.
 You feel here a potion (for sale, 333 zorkmids).
 You try to feel what is lying here on the floor.
 You feel here a potion (for sale, 50 zorkmids).
 You try to feel what is lying here on the floor.
 You feel here a potion (for sale, 333 zorkmids).
 A newt suddenly appears!
 It misses!
 You stop waiting.
 You begin bashing monsters with your bare hands.
 You hit it.
 It hits!
 You hear some noises.
 You hit it.
 A goblin suddenly appears!
 You are in full health.
 You hear a door open.
 You can see again.
 The kitten drops a potion of oil.
 The kitten picks up a potion of oil.
 The kitten drops a potion of oil.
 The kitten picks up a potion of oil.
 The kitten drops a potion of oil.
 The kitten picks up a potion.
 The kitten drops a clear potion.
 The kitten picks up a potion of oil.
 The kitten drops a potion of oil.
 "For you, good lady; only 5 zorkmids for this clear potion."
 k - a clear potion (unpaid, 5 zorkmids).
 You see here a cyan potion (for sale, 100 zorkmids).
 You see here a golden potion (for sale, 200 zorkmids).
 That potion of confusion is a small mimic!
 You hit the small mimic.
 The small mimic hits!
 You hit the small mimic.
 The kitten picks up a potion of oil.
 You hit the small mimic.
 You hit the small mimic.
 The small mimic hits!
 You miss the small mimic.
 The small mimic hits!
 You hit the small mimic.
 You hit the small mimic.
 The small mimic hits!
 You stop.  Your kitten is in the way!
 The small mimic hits!
 You die...
 Sarnen takes all your possessions.
 Do you want to see what you had when you died? [ynq] (y) q

Inventory:
 Weapons  (')')
  a - a +2 bullwhip (alternate weapon; not wielded)
 Armor    ('[')
  c - an uncursed +0 fedora
  j - a blessed +2 orcish helm (being worn)
  b - a blessed +0 leather jacket (being worn)
 Comestibles  ('%')
  d - 5 uncursed food rations
  r - an uncursed tripe ration
 Scrolls  ('?')
  l - an uncursed scroll of charging
  o - a blessed scroll of enchant armor
  n - an uncursed scroll of enchant armor
  u - an uncursed scroll of gold detection
 Spellbooks  ('+')
  s - an uncursed spellbook of detect monsters
  t - an uncursed spellbook of force bolt
 Potions  ('!')
  p - a cursed potion of paralysis
  e - an uncursed potion of water
  k - an uncursed potion of water
  q - an uncursed potion of water
 Rings    ('=')
  m - an uncursed ring of stealth
 Tools    ('(')
  h - an uncursed sack containing 1 item
  i - an uncursed oil lamp
  f - a tinning kit (0:80)
 Gems/Stones  ('*')
  g - an uncursed touchstone

Contents of the sack:
  a +0 pick-axe

Fletchius the Archeologist's attributes:

Background:
 You were a Field Worker, a level 3 female dwarven Archeologist.
 You were lawful, nominally on a mission for Quetzalcoatl
 who was opposed by Camaxtli (neutral) and Huhetotl (chaotic).
 You were right-handed.
 You were in the Dungeons of Doom, on level 4.
 You entered the dungeon 1641 turns ago.
 You had 66 experience points, 14 more were needed to attain level 4.

Basics:
 You had 0 out of 32 hit points.
 You had all 15 energy points (spell power).
 Your armor class was 6.
 Your wallet was empty.
 Autopickup was off.

Final Characteristics:
 Your strength was 10 (limit:18/100).
 Your dexterity was 10 (limit:20).
 Your constitution was 15 (limit:20).
 Your intelligence was 13 (limit:16).
 Your wisdom was 16 (limit:16).
 Your charisma was 12 (limit:16).

Final Status:
 You weren't hungry.
 You were unencumbered.
 You were bare handed.
 You were unskilled in bare handed combat.

Final Attributes:
 You were devoutly aligned.
 You were telepathic.
 You had automatic searching.
 You had infravision.
 You are dead.

Miscellaneous:
 You didn't encounter any bones levels.
 Total elapsed playing time was 51 minutes and 43 seconds.

Major events:
 Turn
    1: Fletchius the lawful female dwarven Archeologist entered the dungeon
 1159: attained the rank of Field Worker (level 3)
 1641: killed by a small mimic

Spells:
 Name                 Level Category     Fail Retention
 detect monsters        1   divination    43%  76%-100%
 force bolt             1   attack        43%  76%-100%

Skills:
 Fighting Skills
   bare handed combat [Unskilled]
   two weapon combat  [Unskilled]
   riding             [Unskilled]
 Weapon Skills
   dagger             [Unskilled]
   knife              [Unskilled]
   pick-axe           [Basic]
   short sword        [Unskilled]
   saber              [Unskilled]
   club               [Unskilled]
   quarterstaff       [Unskilled]
   sling              [Unskilled]
   dart               [Unskilled]
   boomerang          [Unskilled]
   whip               [Basic]
   unicorn horn       [Unskilled]
 Spellcasting Skills
   attack spells      [Unskilled]
   healing spells     [Unskilled]
   divination spells  [Unskilled]
   matter spells      [Unskilled]

Voluntary challenges:
 Character rerolling was not enabled.
 You were an atheist.
 You never genocided any monsters.
 You never polymorphed an object.
 You never changed form.
 You used no wishes.
Achievements:
 You entered a shop.
 You attained the rank of Field Worker.

 The Dungeons of Doom: levels 1 to 4
    Level 1:
    Level 2:
    Level 3:
    Level 4: <- You were here.
       A potion shop, a fountain.
       Final resting place for
          you, killed by a small mimic.


Vanquished creatures:
  a floating eye
  a giant bat
 an iguana
  a manes
  a red mold
  a gecko
  4 jackals
  4 foxes
  3 goblins
  2 grid bugs
  2 lichens
  2 kobold zombies
  3 newts
26 creatures vanquished.

No species were genocided or became extinct.

Game over:
                       ----------
                      /          \
                     /    REST    \
                    /      IN      \
                   /     PEACE      \
                  /                  \
                  |    Fletchius     |
                  |       0 Au       |
                  |   killed by a    |
                  |   small mimic    |
                  |                  |
                  |                  |
                  |       2026       |
                 *|     *  *  *      | *
        _________)/\\_//(\/(/\)/\//\/|_)_______

Goodbye Fletchius the Archeologist...

You died in The Dungeons of Doom on dungeon level 4 with 434 points,
and 0 pieces of gold, after 1641 moves.
You were level 3 with a maximum of 32 hit points when you died.

